 Dungeon Crawl Stone Soup version 0.17-a0-1731-g129c023 (webtiles) character file.

151 Kidiri the Firebug (level 5, 0/40 HPs)
             Began as a Draconian Fire Elementalist on Aug 29, 2015.
             Slain by an orc (1 damage)
             ... on level 3 of the Dungeon.
             The game lasted 00:11:58 (2649 turns).

Kidiri the Firebug (Draconian Fire Elementalist)    Turns: 2649, Time: 00:11:58

Health: 0/40       AC:  6    Str: 10    XL:     5   Next: 11%
Magic:  1/8        EV: 13    Int: 16    God:
Gold:   89         SH:  0    Dex: 12    Spells: 3 memorised, 3 levels left

rFire  . . .     SeeInvis .     c - +1 short sword (venom)
rCold  . . .     Clarity  .     (armour unavailable)
rNeg   + . .     SustAt   .     (no shield)
rPois  .         Gourm    .     (helmet restricted)
rElec  .         Spirit   .     l - +0 cloak
rCorr  .         Warding  .     (no gloves)
rMut   .         Stasis   .     (no boots)
MR     .....                    m - amulet of rage
Stlth  ++........               (no ring)
                                j - ring of positive energy

@: very slightly contaminated, slowed, very slow, not resistant to hostile
enchantments, unstealthy
A: unfitting armour, cold-blooded, AC +5
a: Evoke Berserk Rage


You were on level 3 of the Dungeon.
You were not hungry.

You visited 1 branch of the dungeon, and saw 3 of its levels.

You collected 89 gold pieces.

Inventory:

Hand weapons
 c - a +1 short sword of venom (weapon)
 g - a +0 dagger
Armour
 l - a +0 cloak (worn)
Jewellery
 j - a ring of positive energy (left hand)
 m - an amulet of rage (around neck)
Scrolls
 i - a scroll of identify
 k - a scroll of remove curse
Potions
 e - 3 potions of might
Books
 a - a book of Flames

   Spells                             Type                      Level
   a - Flame Tongue                   Conjuration/Fire             1
   b - Throw Flame                    Conjuration/Fire             2
   c - Conjure Flame                  Conjuration/Fire             3
   d - Inner Flame                    Hexes/Fire                   3
   e - Sticky Flame                   Conjuration/Fire             4
   f - Fireball                       Conjuration/Fire             5
Comestibles
 d - 2 beef jerkies
 f - a meat ration
 h - 3 fruits
 n - a slice of pizza


   Skills:
 + Level 1.3 Fighting
 * Level 2.8 Dodging
 * Level 3.1 Stealth
 * Level 2.5 Spellcasting
 + Level 2.0 Conjurations
 + Level 3.3 Fire Magic


You had 3 spell levels left.
You knew the following spells:

 Your Spells              Type           Power        Failure   Level  Hunger
a - Flame Tongue          Conj/Fire      ##...        10%         1    #......
b - Throw Flame           Conj/Fire      ##....       12%         2    ##.....
c - Conjure Flame         Conj/Fire      ##......     21%         3    ###....


Dungeon Overview and Level Annotations

Branches:
Dungeon (3/15)

Altars:


Innate Abilities, Weirdness & Mutations

Your plain brown scales are hard (AC +5).
Your body does not fit into most forms of armour.
You are cold-blooded and may be slowed by cold attacks.


Message History

The orc appears unharmed.
Natasha mumbles some strange words.
Natasha claws you.
* * * LOW HITPOINT WARNING * * *
Unknown command.
Casting: Throw Flame
Confirm with . or Enter, or press ? or * to list all spells.
Aiming: Throw Flame
Press: ? - help, Shift-Dir - straight line, f/p - Natasha
Aim: Natasha (almost dead, poisoned)
The puff of flame hits Natasha.
You kill Natasha!
Natasha growls in agony!
You have reached level 5!
The shadow imp disappears in a puff of smoke!
The iron imp disappears in a puff of smoke!
A jackal comes into view.
You hit the orc but do no damage.
The orc is poisoned.
The jackal closely misses you. The orc hits you.
You die...

### ..# #.# #.#
#
#######.####.#
.<.....ยง.o@h.#
.######.####.#
#.# # #.# #.#
#.# #.# #.# #.#


You could see an orc and a jackal.

Vanquished Creatures
  Crazy Yiuf (D:2)
  Natasha (D:3)
  4 adders
  2 oozes
  3 giant geckos (D:1)
  2 ball pythons (D:1)
  7 bats
  4 giant cockroaches (D:2)
  3 goblins
  7 hobgoblins
  3 jackals (D:1)
  A quokka (D:2)
  3 giant newts
  4 kobolds (D:1)
  4 rats (D:1)
49 creatures vanquished.

Notes
Turn   | Place    | Note
--------------------------------------------------------------
     0 | D:1      | Kidiri the Draconian Fire Elementalist began the quest for the Orb.
     0 | D:1      | Reached XP level 1. HP: 14/14 MP: 3/3
   440 | D:1      | Reached XP level 2. HP: 19/22 MP: 0/5
   457 | D:1      | Learned a level 2 spell: Throw Flame
  1051 | D:1      | Reached XP level 3. HP: 27/27 MP: 1/6
  1056 | D:1      | Learned a level 3 spell: Conjure Flame
  2190 | D:2      | Reached skill level 1 in Fighting
  2208 | D:2      | Reached XP level 4. HP: 33/35 MP: 7/7
  2303 | D:2      | Noticed Crazy Yiuf
  2317 | D:2      | Killed Crazy Yiuf
  2633 | D:3      | Noticed Natasha
  2647 | D:3      | HP: 1/35 [Natasha (4)]
  2648 | D:3      | Killed Natasha
  2648 | D:3      | Reached XP level 5. HP: 1/40 MP: 1/8
  2649 | D:3      | Slain by an orc

Vault maps used:
D:1:      wheals_arrival_linesprint
D:2:      uniq_crazy_yiuf_cottage
D:3:      grunt_temple_overflow_order_and_chaos_2, uniq_natasha, uniq_iyjb

Action                   |  1- 3 |  4- 6 || total
-------------------------+-------+-------++-------
Melee: Dagger            |     5 |       ||     5
       Unarmed           |     2 |       ||     2
       Short sword       |    72 |    23 ||    95
 Cast: Flame Tongue      |    21 |     6 ||    27
       Throw Flame       |     4 |     2 ||     6
       Conjure Flame     |       |     1 ||     1
  Use: Scroll            |    10 |       ||    10
       Potion            |       |     1 ||     1
 Stab: Sleeping          |     8 |       ||     8
  Eat: Chunk             |     3 |       ||     3
       Bread ration      |     1 |       ||     1
